 Dungeon Sprint DCSS version 0.30.1-3-gfc49f6343a (webtiles) character file.

Game seed: 15050748421933638916

333 boopmooplesden the Cruncher (level 6, -13/51 HPs)
             Began as a Demonspawn Gladiator on July 28, 2023.
             Was an Initiate of Trog.
             Mangled by a two-headed ogre
             ... wielding a +0 giant club
              (18 damage)
             ... in the Dungeon (Sprint IX: "|||||||||||||||||||||||||||||").
             The game lasted 00:00:52 (182 turns).

boopmooplesden the Cruncher (Demonspawn Gladiator)   Turns: 182, Time: 00:00:53

Health: -13/51     AC: 15    Str: 16    XL:     6   Next: 27%
Magic:  6/6        EV:  6    Int: 15    God:    Trog [......]
Gold:   0          SH:  0    Dex: 14    Spells: 5/5 levels left

rFire   . . .        m - +0 lajatang
rCold   . . .        (shield currently unavailable)
rNeg    . . .        p - +0 plate armour
rPois   .            c - +0 helmet
rElec   .            o - +0 cloak
rCorr   .            n - +0 pair of gloves
SInv    .            (no boots)
Will    .....        (no amulet) Stlth
                     q - +2 ring of protection
HPRegen 0.28/turn    r - +3 ring of intelligence
MPRegen 0.10/turn

%: no teleportation
@: no status effects
A: big brain 1, weakness stinger 1
a: Renounce Religion


You were in the Dungeon.
You worshipped Trog.
Trog was noncommittal.
You visited 1 branch

Inventory:

Hand Weapons
 a - a +0 quarterstaff
 m - a +0 lajatang (weapon)
Missiles
 d - 3 throwing nets (quivered)
 e - a javelin
Armour
 b - a +0 leather armour
 c - a +0 helmet (worn)
 n - a +0 pair of gloves (worn)
 o - a +0 cloak (worn)
 p - a +0 plate armour (worn)
Jewellery
 q - a +2 ring of protection (left hand)
 r - a +3 ring of intelligence (right hand)
Wands
 l - a wand of roots (10)
Scrolls
 k - 2 scrolls of blinking
Potions
 f - 5 potions of curing
 g - 2 potions of heal wounds
 h - a potion of haste
 i - 4 potions of magic
 j - a potion of invisibility


   Skills:
 + Level 5.2 Fighting
 + Level 9.3 Staves
 + Level 3.3 Throwing
 + Level 1.6 Armour
 + Level 6.8 Dodging


You had 5 spell levels left.
You didn't know any spells.
Your spell library was empty.

Dungeon Overview and Level Annotations

Branches:
Dungeon (1/1)

Altars:
Cheibriados
Dithmenos
Fedhas
Gozag
Hepliaklqana
Kikubaaqudgha
Makhleb
Nemelex Xobeh
Okawaru
Qazlal
Ru
Sif Muna
Trog
Uskayaw
Vehumet
Wu Jian
Xom
Yredelemnul
Jiyva
Lugonu


Innate Abilities, Weirdness & Mutations

You have an unusually large brain. (Int +2)
You have a small tail.


Message History

The centaur barely misses you. x2
You slice the centaur!!
You kill the centaur!
Trog accepts your kill. The vampire mosquito bites you!
The vampire mosquito draws strength from your injuries!
Your Fighting skill increases to level 4!
Your Staves skill gained 2 levels and is now at level 8!
Your Dodging skill increases to level 6!
You have reached level 5!
You slice the vampire mosquito!!
Your tail-slap misses the vampire mosquito.
The vampire mosquito is severely damaged.
The vampire mosquito bites you but does no damage.
The vampire mosquito bites you.
The vampire mosquito draws strength from your injuries!
You barely miss the vampire mosquito.
The vampire mosquito is severely damaged.
The vampire mosquito bites you!
The vampire mosquito draws strength from your injuries!
The vampire mosquito closely misses you.
You slice the vampire mosquito!!
You destroy the vampire mosquito!
Trog accepts your kill.
Your Fighting skill increases to level 5!
Your Staves skill increases to level 9!
Your Armour skill increases to level 1!
You have reached level 6!
Your demonic ancestry asserts itself...
Your brain expands.
You feel much better.
The vampire mumbles some strange words.
The vampire flickers and vanishes!
Deactivating autopickup; reactivate with Ctrl-A.
The two-headed ogre hits you with a +0 giant club!!
The two-headed ogre hits you but does no damage.
You hit the two-headed ogre but do no damage.
The two-headed ogre hits you with a +0 giant club!!
* * * LOW HITPOINT WARNING * * *
The two-headed ogre hits you with a +0 giant club!!
You die...

▓.▓
▓?▓
▓)▓
▓.▓
▓.▓
▓.▓
▓.▓
▓.▓
▓@▓
▓O▓
▓c▓
▓c▓
▓.▓
▓.▓
▓.▓
▓.▓


You could see a two-headed ogre and 2 centaurs.

Vanquished Creatures
  A vampire mosquito (D)
  A centaur (D)
  A scorpion (D)
  2 iguanas (D)
  An adder (D)
  A dart slug (D)
  An endoplasm (D)
  A kobold (D)
  2 ball pythons (D)
  A frilled lizard (D)
12 creatures vanquished.

Notes
Turn   | Place    | Note
-------+----------+-------------------------------------------
     0 | D        | boopmooplesden the Demonspawn Gladiator began the quest for
                  | the Orb.
     0 | D        | Reached XP level 1. HP: 16/16 MP: 1/1
     7 | D        | Reached skill level 3 in Staves
    17 | D        | Noticed an iguana
    17 | D        | Noticed an iguana
    17 | D        | Noticed a scorpion
    21 | D        | Killed an iguana
    22 | D        | Reached skill level 4 in Staves
    22 | D        | Gained mutation: You have a small tail. [demonic ancestry]
    22 | D        | Reached XP level 2. HP: 23/23 MP: 2/2
    22 | D        | Reached XP level 3. HP: 28/28 MP: 3/3
    31 | D        | Reached skill level 5 in Staves
    33 | D        | Reached XP level 4. HP: 25/35 MP: 4/4
    38 | D        | Killed a scorpion
    39 | D        | Reached skill level 6 in Staves
    39 | D        | Reached skill level 5 in Dodging
   100 | D        | Found a snail-covered altar of Cheibriados.
   100 | D        | Found a shadowy altar of Dithmenos.
   100 | D        | Found a blossoming altar of Fedhas.
   100 | D        | Found an opulent altar of Gozag.
   101 | D        | Found a hazy altar of Hepliaklqana.
   102 | D        | Found a viscous altar of Jiyva.
   103 | D        | Found an ancient bone altar of Kikubaaqudgha.
   104 | D        | Found a corrupted altar of Lugonu.
   105 | D        | Found a burning altar of Makhleb.
   106 | D        | Found a sparkling altar of Nemelex Xobeh.
   107 | D        | Found an iron altar of Okawaru.
   108 | D        | Found a stormy altar of Qazlal.
   109 | D        | Found a sacrificial altar of Ru.
   110 | D        | Found a shimmering blue altar of Sif Muna.
   111 | D        | Found a bloodstained altar of Trog.
   112 | D        | Found a hide-covered altar of Uskayaw.
   113 | D        | Found a radiant altar of Vehumet.
   114 | D        | Found an ornate altar of the Wu Jian Council.
   115 | D        | Found a shimmering altar of Xom.
   116 | D        | Found a basalt altar of Yredelemnul.
   119 | D        | Became a worshipper of Trog the Wrathful
   172 | D        | Noticed a centaur
   172 | D        | Noticed a vampire mosquito
   172 | D        | Noticed a centaur
   172 | D        | Noticed a two-headed ogre
   172 | D        | Noticed a centaur
   172 | D        | Noticed a vampire
   177 | D        | Killed a centaur
   178 | D        | Reached skill level 8 in Staves
   178 | D        | Reached XP level 5. HP: 34/43 MP: 5/5
   180 | D        | Killed a vampire mosquito
   181 | D        | Reached skill level 5 in Fighting
   181 | D        | Reached skill level 9 in Staves
   181 | D        | Reached skill level 1 in Armour
   181 | D        | Gained mutation: You have an unusually large brain. (Int
                  | +2) [demonic ancestry]
   181 | D        | Reached XP level 6. HP: 24/51 MP: 6/6
   182 | D        | Mangled by a two-headed ogre

Illustrated notes

Levels and vault maps discovered:
D:        linesprint [early_d, line_temple, items_1, d_10, items_2, lair_1,
          lair_end, items_3, orc_1, orc_end, items_4, d_15, swamp_1, shoals_1,
          snake_1, spider_1, d_20, vaults_1, items_5, swamp_end, shoals_end,
          snake_end, spider_end, vaults_end, d_27, items_6, zot_1, zot_end,
          crypt_end, forest_end, elf_end, slime_end, tomb_end, abyss_end,
          pan_hell_end]

Skill      XL: |  1  2  3  4  5 |
---------------+----------------+-----
Staves         | 4 5 8 9 |  9.3
Dodging        | 4 6 |  6.8
Throwing       | 2 3 |  3.3
Fighting       | 3 4 5 |  5.2
Armour         | 1 |  1.6

Action                     |  1- 3 |  4- 6 || total
---------------------------+-------+-------++-------
  Melee: Quarterstaff      |    20 |     6 ||    26
         Lajatang          |       |     9 ||     9
         Tailslap          |       |     1 ||     1
    Use: Potion            |     1 |     1 ||     2
 Armour: Leather armour    |     1 |     1 ||     2
         Plate armour      |       |     7 ||     7
  Dodge: Dodged            |     3 |    11 ||    14
